 Seeded DCSS version 0.31-a0-544-gceb718ecc6 (webtiles) character file.

Game seed: 3826825538972431165 (custom seed)

228 innerfire43 the Trooper (level 5, -3/42 HPs)
             Began as a Demonspawn Monk on Aug 15, 2023.
             Shot with an arrow by a centaur (11 damage)
             ... while paralysed by Grinder
             ... on level 4 of the Dungeon.
             The game lasted 00:02:33 (1855 turns).

innerfire43 the Trooper (Demonspawn Monk)           Turns: 1855, Time: 00:02:34

Health: -3/42      AC: 17    Str: 12    XL:     5   Next: 71%
Magic:  5/5        EV:  2    Int: 11    God:
Gold:   261        SH:  0    Dex: 17    Spells: 4/4 levels left

rFire   . . .        e - +8 arbalest of Voty {heavy, rElec rPois}
rCold   + . .        (shield currently unavailable)
rNeg    . . .        t - +0 plate armour
rPois   +            r - +0 helmet
rElec   +            (no cloak)
rCorr   .            (no gloves)
SInv    +            (no boots)
Will    .....        (no amulet) Stlth
                     n - ring of protection from cold
HPRegen 0.27/turn    v - ring of see invisible
MPRegen 0.09/turn

%: no passive effects
@: paralysed
A: molten scales 1, icemail 1, condensation shield
a: no special abilities


You were on level 4 of the Dungeon.
You visited 1 branch of the dungeon, and saw 4 of its levels.

You collected 261 gold pieces.

Inventory:

Hand Weapons
 a - a +0 spear
 e - the +8 arbalest of Voty (weapon) {heavy, rElec rPois}
   (You acquired it on level 1 of the Dungeon)

   rElec:     It insulates you from electricity.
   rPois:     It protects you from poison
Armour
 b - a +0 robe
 d - an orb of light
 r - a +0 helmet (worn)
 t - a +0 plate armour (worn)
Jewellery
 n - a ring of protection from cold (left hand)
 v - a ring of see invisible (right hand)
Scrolls
 f - 2 scrolls of vulnerability {unknown}
 g - a scroll of amnesia {unknown}
 h - a scroll of brand weapon {unknown}
 j - 2 scrolls of identify {unknown}
 k - 4 scrolls of noise {unknown}
 p - a scroll of torment {unknown}
 s - 2 scrolls of enchant armour {unknown}
Potions
 c - a potion of ambrosia
 i - 2 potions of mutation {unknown}
 l - a potion of enlightenment {unknown}
 m - 2 potions of curing {unknown}
 o - a potion of cancellation {unknown}
 q - a potion of brilliance {unknown}
 u - a potion of invisibility {unknown}


   Skills:
 + Level 4.1 Fighting
 - Level 2.8 Polearms
 + Level 3.0 Ranged Weapons
 * Level 1.3 Armour
 + Level 3.6 Dodging


You had 4 spell levels left.
You didn't know any spells.
Your spell library was empty.

Dungeon Overview and Level Annotations

Branches:
Dungeon (4/15)
 Temple: D:4-7

Altars:

Annotations:
D:4 Grinder


Innate Abilities, Weirdness & Mutations

You are partially covered in molten scales. (AC +2)
A meltable icy envelope protects you from harm. (AC +4)
A meltable shield of frost defends you. (SH +4)


Message History

The sling bullet hits you but does no damage.
Grinder gestures at you.
You suddenly lose the ability to move!
The goblin shoots a sling bullet.
The sling bullet barely misses you.
A centaur comes into view.
The goblin shoots a sling bullet.
The sling bullet hits you but does no damage.
The centaur wields a +0 orcbow.
The centaur shoots an arrow.
The arrow hits you. Grinder gestures at you.
You resist with significant effort.
The goblin shoots a sling bullet.
The sling bullet completely misses you.
The centaur shoots an arrow.
The arrow barely misses you. Grinder hits you but does no damage.
The goblin shoots a sling bullet.
The sling bullet hits you but does no damage.
The centaur shoots an arrow.
The arrow hits you.
You can move again.
You shoot a bolt. The bolt hits Grinder!
Grinder is moderately wounded.
The centaur shoots an arrow.
The arrow hits you but does no damage.
The centaur shoots an arrow.
The arrow hits you but does no damage. Grinder hits you but does no damage.
The goblin shoots a sling bullet.
The sling bullet hits you but does no damage.
Grinder hits you.
You writhe in agony.
* * * LOW HITPOINT WARNING * * *
The goblin shoots a sling bullet.
The sling bullet hits you but does no damage.
The centaur shoots an arrow.
The arrow hits you.
* * * LOW HITPOINT WARNING * * *
Grinder gestures at you. Pain shoots through your body!
* * * LOW HITPOINT WARNING * * *
Grinder hits you but does no damage.
Unknown command.
Grinder gestures at you.
You suddenly lose the ability to move!
You stop ascending the stairs.
The goblin shoots a sling bullet.
The sling bullet hits you but does no damage.
The centaur shoots an arrow.
The arrow hits you!
You die...

............
..........#
#.........#
#........[#
#.cg......#
#.........#
#.........#
#...@5....#
#.........#
###########


You could see Grinder, a centaur and a goblin.

Vanquished Creatures
  An orc priest (D:3)
  Jessica (D:2)
  Robin (D:2)
  4 gnolls (D:3)
  4 adders
  A worm (D:3)
  A dart slug (D:1)
  5 orcs (D:3)
  4 bats
  8 endoplasms
  3 giant cockroaches (D:1)
  12 goblins
  7 hobgoblins
  2 jackals (D:2)
  4 kobolds
  2 quokkas
  4 ball pythons
  4 frilled lizards
  6 rats
74 creatures vanquished.

Notes
Turn   | Place    | Note
-------+----------+-------------------------------------------
     0 | D:1      | innerfire43 the Demonspawn Monk began the quest for the
                  | Orb.
     0 | D:1      | Reached XP level 1. HP: 18/18 MP: 1/1
   155 | D:1      | Identified a scroll of acquirement
   155 | D:1      | Acquired the +8 arbalest of Voty {heavy, rElec rPois}
   180 | D:1      | Gained mutation: A meltable shield of frost defends you.
                  | (SH +4) [demonic ancestry]
   180 | D:1      | Reached XP level 2. HP: 24/24 MP: 2/2
   447 | D:1      | Reached skill level 1 in Ranged Weapons
   667 | D:2      | Noticed Jessica
   668 | D:2      | Killed Jessica
   669 | D:2      | Gained mutation: You are partially covered in molten
                  | scales. (AC +2) [demonic ancestry]
   669 | D:2      | Reached XP level 3. HP: 29/29 MP: 3/3
   815 | D:2      | Reached XP level 4. HP: 36/36 MP: 4/4
  1022 | D:2      | Noticed Robin
  1039 | D:2      | Killed Robin
  1397 | D:3      | Gained mutation: A meltable icy envelope protects you from
                  | harm. (AC +4) [demonic ancestry]
  1397 | D:3      | Reached XP level 5. HP: 38/42 MP: 5/5
  1437 | D:3      | Reached skill level 1 in Armour
  1491 | D:3      | Reached skill level 4 in Fighting
  1849 | D:4      | Noticed Grinder
  1850 | D:4      | Paralysed by Grinder for 5 turns
  1850 | D:4      | Noticed a centaur
  1854 | D:4      | Paralysed by Grinder for 4 turns
  1855 | D:4      | Shot with an arrow by a centaur

Illustrated notes

Levels and vault maps discovered:
D:1:      roderic_crop_circles_arrival_large, layout_basic
D:2:      layout_basic, minmay_distorted, uniq_robin, uniq_jessica
D:3:      layout_basic, minivault_24, minmay_box_of_dots
D:4:      layout_rooms, nicolae_qazlal_eye_of_the_storm,
          mainiacjoe_overflow_chevrons, minmay_temple_entry_statues_fountains,
          gup_ossuary_entry_pyramid, nicolae_elevator_lobby_asterisk,
          uniq_grinder, uniq_eustachio, uniq_pikel, uniq_duvessa

Skill      XL: |  1  2  3  4  5 |
---------------+----------------+-----
Dodging        | 3 |  3.6
Ranged Weapons | 1 2 3 |  3.0
Armour         | 1 |  1.3
Fighting       | 4 |  4.1
Polearms       | |  2.8

Action                     |  1- 3 |  4- 6 || total
---------------------------+-------+-------++-------
  Melee: Spear             |    15 |       ||    15
   Fire: Arbalest          |    24 |    86 ||   110
    Use: Scroll            |     1 |       ||     1
 Armour: Robe              |     4 |    11 ||    15
         Plate armour      |       |    87 ||    87
  Dodge: Dodged            |    12 |    59 ||    71
  Block: Other             |       |    28 ||    28

Table legend: (Time is in decaauts)
 A = Elapsed time spent in this place.
 B = Non-inter-level travel time spent in this place.
 C = Inter-level travel time spent in this place.
 D = Time resting spent in this place.
 E = Time spent auto-exploring this place.
 F = Levels seen in this place.
 G = Mean time per level.
                   A        B        C        D        E       F      G
               +--------+--------+--------+--------+--------+-----+--------+
         Total |   2087 |   1995 |     92 |      0 |   1485 |   4 |  521.8 |
       Dungeon |   2087 |   1995 |     92 |      0 |   1485 |   4 |  521.8 |
               +--------+--------+--------+--------+--------+-----+--------+

Top non-repeatable levels by time:
     D:2: 694 daAuts
     D:1: 694 daAuts
     D:3: 687 daAuts
     D:4: 10 daAuts
